[Event "Bangabandhu Premier Div League 2023-24"]
[Site "Dhaka"]
[Date "2024.02.07"]
[Round "7.6"]
[White "Sanket Chakravarty"]
[Black "Mohammed Abdul, Malek"]
[Result "1-0"]
[ECO "C50"]
[WhiteElo "2361"]
[BlackElo "2047"]
[Annotator "TA"]
[PlyCount "67"]
[EventDate "2024.02.01"]
[EventCountry "BAN"]
[SourceTitle "playchess.com"]
[Source "ChessBase"]
[SourceQuality "1"]
[TimeControl "40/5400+30:1800+30"]

1. e4 e5 2. Nf3 Nc6 3. Bc4 Be7 4. Nc3 Nf6 5. d4 d6 6. h3 O-O 7. O-O Nxe4 8. Nxe4 {[%emt 0:00:00] aiming for dxe5.} d5 {[%emt 0:00:41] [#]} 9. Bxd5 $1 Qxd5 10. Nc3 {[%emt 0:00:00] Excellent horsemanship.} Qd6 {[%emt 0:04:52] The position is equal.} 11. dxe5 Nxe5 12. Nxe5 Qxe5 13. Re1 Qd6 14. Qf3 c6 15. Bf4 Qf6 16. Re5 {[%emt 0:00:00] Black must now prevent Ne4.} Be6 17. Ne4 $36 {[%emt 0:00:00][%mdl 2048] White is pushing.} Qg6 18. Re1 h6 19. Re3 Bd8 20. Qe2 Bh4 {[%emt 0:00:00][%cal Oe6d5] Prevents Rg3} 21. b3 {[%emt 0:00:00] Rh5 is the strong threat.} Rad8 $2 {[%emt 0:00:00][%mdl 8192] [#] Loses the game.} (21... Bd5 $11 {and Black is okay.}) 22. Rh5 $1 $18 f5 23. Ng3 (23. Rxh4 fxe4 24. Rg3 (24. Rxe4 Bd5 $11) 24... Qf6 25. Rxh6 Qxf4 $16) ({Don't play} 23. Nc3 Bf6 $18) 23... Bf7 24. Rxh4 Qf6 25. Rh5 Bxh5 (25... Bg6 $142 26. Be5 Qf7) 26. Nxh5 Qd4 27. Kh2 Qd1 28. Qc4+ Rd5 {[%emt 0:00:00] [#]} 29. Nxg7 {[%emt 0:01:00][%mdl 512] Ne6 would now be deadly.} Rf7 (29... Qd4 30. Ne6) 30. Ne6 Qh5 31. Qc3 Kh7 32. Rg3 Rdd7 33. Bc1 (33. Qe5 $142 Qh4 34. Qb8 Qxg3+ 35. fxg3 (35. Kxg3 c5 $18) (35. Bxg3 Rde7 $18) 35... Rde7 36. Be5 Rg7 37. Nxg7 (37. Nf8+ Kg8 38. Ng6+ Kh7 39. Nxe7 Rxe7 40. Qh8+ Kg6 41. Qg8+ Rg7 42. Qxg7+ Kh5 43. g4+ fxg4 44. Qxg4#) 37... f4 38. g4 (38. gxf4 Rxg7 39. Qf8 Rxg2+ 40. Kxg2 Kg6 41. Qf6+ Kh5 42. Qf7+ Kh4 43. Bf6#)) 33... f4 34. Rg4 {[%emt 0:00:00] Weighted Error Value: White=0.04 (flawless) /Black=0.62.  Loses game:     	---       	Black=1      Mistake:       	---       	Black=1      Inaccurate:     	White=2     	Black=1      OK:         	White=11    	Black=6      Best:        	---       	Black=1      Strong:       	White=1     	---} 1-0

[Event "Bangabandhu Premier Div League 2023-24"]
[Site "Dhaka"]
[Date "2024.02.07"]
[Round "7.7"]
[White "Harikrishnan.A.Ra"]
[Black "Rabby, Salim"]
[Result "1-0"]
[ECO "A46"]
[WhiteElo "2454"]
[BlackElo "1931"]
[Annotator "TA"]
[PlyCount "78"]
[EventDate "2024.02.01"]
[EventCountry "BAN"]
[SourceTitle "playchess.com"]
[Source "ChessBase"]
[SourceQuality "1"]
[TimeControl "40/5400+30:1800+30"]

1. d4 Nf6 2. Nf3 g6 3. g3 Bg7 4. Bg2 c5 5. c3 cxd4 6. cxd4 O-O 7. O-O d6 8. Nc3 Bg4 9. h3 Bf5 10. Nh4 Bc8 {[%emt 0:00:00] White is slightly better.} 11. e4 Nc6 12. Be3 Qa5 13. a3 e5 14. Nf3 Re8 15. Re1 h6 (15... exd4 $16 {was necessary.} 16. Nxd4 Nxd4) 16. b4 Qd8 17. Qd2 Kh7 18. Rad1 exd4 19. Nxd4 Ne5 (19... Nxd4 $16 20. Bxd4 Be6) 20. Qe2 (20. Qa2 $18) 20... a6 $16 21. f4 {[%emt 0:00:30] White is more active.} Nc6 {[%emt 0:00:00] Black cannot hold the game after this.} (21... Qc7 $16) 22. Nxc6 bxc6 23. e5 Nd5 $2 (23... d5 24. Qc2 (24. exf6 Qxf6 25. Rc1 Bf5 $18) 24... Bf5) 24. Nxd5 $18 cxd5 25. Bxd5 Bxh3 (25... Be6 {might work better.} 26. Bxa8 Qxa8 27. Rxd6 (27. exd6 Qb7 $18) 27... Rc8 28. Rxa6 Qb7 29. Rxe6 fxe6) 26. Bxf7 Re7 27. Rxd6 Qc8 28. Bxg6+ Kh8 29. Be4 Rb8 30. Qh5 Be6 31. Rc1 Qf8 32. Rcc6 Rbe8 33. f5 Bf7 34. Qh4 {[%emt 0:00:00][%cal Rd6h6] Intending Rxh6+ and mate.} Rxe5 {[%emt 0:00:00] [#]} 35. Bd4 $1 h5 (35... Kg8 36. Bxe5) 36. Bxe5 Bxe5 37. Rh6+ {[%emt 0:00:30] White mates.} Kg8 {[%emt 0:00:00] [#]} 38. Rcg6+ $1 Bg7 {[%emt 0:00:00] [#]} 39. f6 $1 Bxg6 {[%emt 0:00:00] Weighted Error Value: White=0.22 (precise) /Black=0.58.  Mistake:       	White=1     	Black=5      Inaccurate:     	White=2     	Black=5      OK:         	White=5     	Black=4      Best:        	White=2     	---} (39... Rxe4 40. Qxe4) 1-0

[Event "Bangabandhu Premier Div League 2023-24"]
[Site "Dhaka"]
[Date "2024.02.07"]
[Round "7.7"]
[White "Tanvir, Alam"]
[Black "Mayank Chakraborty"]
[Result "0-1"]
[ECO "D38"]
[WhiteElo "1836"]
[BlackElo "2409"]
[Annotator "TA"]
[PlyCount "80"]
[EventDate "2024.02.01"]
[EventCountry "BAN"]
[SourceTitle "playchess.com"]
[Source "ChessBase"]
[SourceQuality "1"]
[TimeControl "40/5400+30:1800+30"]

1. d4 Nf6 2. c4 e6 3. Nc3 Bb4 4. Qc2 d5 5. Nf3 O-O 6. Bg5 h6 7. Bxf6 Qxf6 8. e3 (8. a3 $14 Bxc3+ 9. Qxc3) 8... c6 9. Be2 Nd7 10. a3 Bxc3+ {[%emt 0:01:18] The position is equal.} 11. Qxc3 b6 12. cxd5 exd5 13. Rc1 Bb7 14. O-O Qe7 15. Rfd1 Rfc8 16. Bd3 Nf6 17. Bb1 c5 18. Qd3 (18. dxc5 {simplifies} bxc5 19. b4 cxb4 20. Qxb4 Qxb4 21. axb4 Rc4 22. Rxc4 dxc4 23. Ba2) 18... c4 19. Qf5 b5 20. Ne5 g6 21. Qf4 Kg7 22. h4 a5 23. g4 Nd7 24. Nf3 (24. Qg3 {simplifies} b4 25. axb4 axb4 26. Nxd7 Qxd7 27. h5) 24... b4 25. h5 g5 $36 {[%emt 0:06:54][%mdl 2048] Black fights for an advantage.} 26. Qf5 Rh8 {[%emt 0:01:17] Prevents Qh7+} 27. Nd2 (27. axb4 $15 axb4 28. e4) 27... bxa3 $17 28. bxa3 Nf6 {[%emt 0:00:49][%cal Ob7c8] Hoping for ...Bc8!} 29. Qf3 {[%emt 0:00:00] [#]} (29. e4 $17 Bc8 30. Qe5 Qxa3 31. exd5) 29... Bc8 $1 $19 ({Stronger than} 29... Qxa3 30. Nxc4 Qe7 (30... dxc4 31. Qxb7 Qb3 32. Qf3 $14) 31. Ne5 $11) 30. Bf5 Qxa3 31. Nb1 Qd6 32. Nc3 Bxf5 33. Qxf5 Qe6 34. Qxe6 fxe6 35. Ra1 (35. Rb1 {keeps fighting.}) 35... Nxg4 36. e4 Nf6 37. e5 $2 {[%emt 0:00:00] [#]} (37. exd5 Nxd5 (37... exd5 $2 38. Rdb1 $19) 38. Na4) 37... Nxh5 {[%emt 0:00:09] Black is clearly winning.} 38. Rdb1 Nf4 {[%emt 0:00:16] Against Ne2} 39. Rb7+ Kg6 40. Rb5 Rhb8 {[%emt 0:00:00] Weighted Error Value: White=0.37/Black=0.07 (flawless) .  Mistake:       	White=4     	---        Inaccurate:     	White=3     	Black=2      OK:         	White=8     	Black=15     Best:        	---       	Black=1      Strong:       	---       	Black=1} 0-1

[Event "Bangabandhu Premier Div League 2023-24"]
[Site "Dhaka"]
[Date "2024.02.07"]
[Round "7.8"]
[White "Arpan Das"]
[Black "Asif, Mahmud"]
[Result "1-0"]
[ECO "C65"]
[WhiteElo "2367"]
[BlackElo "1906"]
[Annotator "TA"]
[PlyCount "117"]
[EventDate "2024.02.01"]
[EventCountry "BAN"]
[SourceTitle "playchess.com"]
[Source "ChessBase"]
[SourceQuality "1"]
[TimeControl "40/5400+30:1800+30"]

1. e4 e5 2. Nf3 Nc6 3. Bb5 Nf6 4. d3 Bc5 5. Bxc6 dxc6 6. O-O (6. Nxe5 $2 {too greedy.} Qd4 7. O-O Qxe5 $19) 6... Nd7 7. c3 O-O 8. d4 {[%emt 0:00:00] The position is equal.} Bd6 9. Bg5 f6 10. Bh4 Qe7 11. Nbd2 Re8 12. Re1 Nf8 (12... a5 $11) 13. dxe5 $14 Bxe5 14. Nxe5 Qxe5 15. Bg3 Qe7 16. Qb3+ Kh8 17. h4 b6 18. Qa4 Bb7 19. Nf1 a5 20. f3 Rad8 21. Rad1 Ne6 22. Ne3 Rxd1 23. Rxd1 Rd8 24. Nf5 Rxd1+ 25. Qxd1 Qf7 {[%emt 0:01:00] [#]} 26. h5 $1 {[%emt 0:02:00] White is much more active.} g6 (26... Bc8 27. h6) 27. Ne3 Kg7 28. Qd2 Qe7 (28... Bc8 $142) 29. Ng4 $16 Ng5 30. hxg6 hxg6 {[%emt 0:00:00] [#]} (30... Kxg6 $16 {is a better defense.} 31. Qf4 Bc8) 31. Bh4 $1 $18 {[%emt 0:00:19][%cal Oe4e5] e5! is the strong threat.} Bc8 {[%emt 0:00:00] [#]} 32. Nxf6 Qxf6 33. Bxg5 ({Resist} 33. Qxg5 Qxg5 34. Bxg5 Kf7) 33... Qd6 34. Qxd6 cxd6 {[%emt 0:00:30][%mdl 4096] Endgame. KB-KB} 35. Bd8 a4 36. Bxb6 Be6 37. a3 Kf7 38. Kf2 Bc4 39. Ke3 Ke6 40. Bc7 Bf1 41. g3 Bc4 42. Kf4 Be2 43. Bd8 Bd1 44. Bg5 Be2 45. Bh6 Bd1 46. Bg7 Be2 47. Bh8 Bd1 48. Ke3 Bb3 49. Kd2 Bc4 50. f4 Bf1 51. Ke3 Bh3 52. Kf3 Bf1 53. g4 Bh3 (53... Kf7 $16 {might work better.} 54. f5 g5) 54. f5+ gxf5 $2 (54... Kf7 55. Bd4 Bf1) 55. exf5+ Kf7 56. Kf4 {[%emt 0:00:00] Intending Bd4 and mate.} Bf1 57. g5 Bd3 58. g6+ Kg8 59. Bf6 {[%emt 0:00:00] Weighted Error Value: White=0.05 (flawless) /Black=0.20 (precise) .  Mistake:       	---       	Black=5      OK:         	White=23    	Black=15     Best:        	White=1     	---} 1-0

[Event "Bangabandhu Premier Div League 2023-24"]
[Site "Dhaka"]
[Date "2024.02.07"]
[Round "7.8"]
[White "Subrota, Biswas"]
[Black "Diya Chowdhury"]
[Result "1-0"]
[ECO "B42"]
[WhiteElo "2223"]
[BlackElo "1881"]
[Annotator "TA"]
[PlyCount "48"]
[EventDate "2024.02.01"]
[EventCountry "BAN"]
[SourceTitle "playchess.com"]
[Source "ChessBase"]
[SourceQuality "1"]
[TimeControl "40/5400+30:1800+30"]

1. e4 c5 2. Nf3 e6 3. d4 cxd4 4. Nxd4 a6 5. Bd3 Nf6 6. O-O Qc7 7. Qe2 d6 8. f4 Nc6 9. Nxc6 bxc6 10. Nd2 d5 {[%emt 0:02:36] White has an edge.} 11. c4 Be7 12. b3 Bb7 (12... a5 $11 {keeps the balance.}) 13. Bb2 $16 Qb6+ 14. Kh1 d4 (14... dxe4 $16 15. Nxe4 c5) 15. e5 $18 Nd7 16. f5 c5 17. fxe6 Qxe6 18. Bf5 $36 {[%emt 0:01:21][%mdl 2048] Keeping Black busy.} Qc6 19. Be4 Qc7 20. e6 {[%emt 0:00:50] White is much more active.} Nf6 {[%emt 0:01:10] [#]} (20... fxe6 $16 21. Bxb7 Qxb7) 21. exf7+ Kf8 {[%emt 0:02:55] Black is weak on the light squares} 22. Bxb7 Qxb7 23. Rae1 Bd6 24. Qe6 (24. Qe8+ $142 Nxe8 25. fxe8=Q#) 24... Ng8 {Black did not feel at home in the position after the opening.   Weighted Error Value: White=0.29 (precise) /Black=1.01.  Loses game:     	---       	Black=1      Mistake:       	White=1     	Black=2      Inaccurate:     	White=1     	Black=4      OK:         	White=4     	Black=3      Best:        	White=5     	---} 1-0

[Event "Bangabandhu Premier Div League 2023-24"]
[Site "Dhaka"]
[Date "2024.02.07"]
[Round "7.9"]
[White "Abu Sufian, Shakil"]
[Black "Kushagra Mohan"]
[Result "0-1"]
[ECO "C79"]
[WhiteElo "2199"]
[BlackElo "2374"]
[Annotator "TA"]
[PlyCount "124"]
[EventDate "2024.02.01"]
[EventCountry "BAN"]
[SourceTitle "playchess.com"]
[Source "ChessBase"]
[SourceQuality "1"]
[TimeControl "40/5400+30:1800+30"]

1. e4 e5 2. Nf3 Nc6 3. Bb5 a6 4. Ba4 Nf6 5. O-O d6 6. c3 Bd7 7. Re1 g6 8. d4 Bg7 9. Nbd2 exd4 10. cxd4 O-O 11. h3 {[%emt 0:00:00] White has an edge.} Nb4 12. Bb3 Nd3 13. Re3 Nxc1 14. Rxc1 Nh5 15. e5 Nf4 16. Ne4 dxe5 17. dxe5 {[%emt 0:00:00] g3 is the strong threat.} Bc6 18. Nd4 Bd5 19. Nf3 c6 20. Bxd5 Nxd5 21. Rb3 Qe7 22. Nc5 {[%emt 0:00:00] A dynamic duo of knights.} b6 23. Ne4 Rac8 24. Nc3 Nxc3 25. Rbxc3 c5 26. Qa4 Qb7 27. Ra3 Ra8 28. Rd3 Rad8 {[%emt 0:00:00] Against Rd7} 29. Rcd1 b5 30. Qa5 Rxd3 31. Rxd3 c4 32. Rd6 Qe4 33. Rxa6 Qb1+ 34. Qe1 Qxb2 (34... Qxe1+ {simplifies} 35. Nxe1 Bxe5 36. Rb6 Bxb2 37. Rxb5 Bf6) 35. e6 {[%emt 0:00:00] [#]} (35. g4 $1 $11 {keeps the balance.}) 35... fxe6 $1 $17 36. Qxe6+ Kh8 {[%emt 0:00:00] Black is more active.} 37. Rc6 (37. Qd5 $17) 37... Qxa2 $19 38. Rc8 {[%emt 0:00:11] [#]} Qb1+ $1 39. Kh2 Qf5 {[%emt 0:00:00] Dodges Ne5} 40. Qxf5 gxf5 {[%emt 0:00:00][%mdl 4096] Endgame. KRB-KRN} 41. Rc5 Rb8 42. Nd2 c3 43. Nb3 f4 44. g3 fxg3+ 45. Kxg3 b4 46. Rc4 Bf8 47. Kf4 Re8 48. Nd4 Rb8 49. Nb3 $1 Rd8 50. Ke4 Rd1 51. Nd4 Kg8 52. Rc8 Kf7 {[%emt 0:00:00] Wards off Ne6. And now ...Bg7 would win.} 53. f4 Be7 54. Rc4 Rb1 {[%emt 0:02:30] Black is clearly winning.} 55. Kf5 Rh1 56. Rc7 Rxh3 {[%emt 0:00:00] Hoping for ...Rh5+.} 57. Nc6 (57. Rb7 $142) 57... Rh5+ 58. Ke4 Rc5 {[%emt 0:00:00] ...c2 would now be deadly.} (58... c2 59. Nxe7 Ke6 60. Rxc2 Kxe7 61. Rc7+ Kf8 62. Rb7 $16) 59. Ne5+ Ke8 60. Rxc5 Bxc5 61. Kd3 h5 {[%emt 0:00:00] aiming for ...h4.} 62. Nf3 Bf2 {[%emt 0:04:00] Weighted Error Value: White=0.40/Black=0.13 (very precise) .  Mistake:       	White=3     	---        Inaccurate:     	White=5     	Black=1      OK:         	White=16    	Black=23     Best:        	White=2     	Black=4      Strong:       	White=1     	Black=2} 0-1

[Event "Bangabandhu Premier Div League 2023-24"]
[Site "Dhaka"]
[Date "2024.02.07"]
[Round "7.10"]
[White "Chowdhury, Sohel"]
[Black "Pranav Vijay"]
[Result "0-1"]
[ECO "C76"]
[WhiteElo "1956"]
[BlackElo "2252"]
[Annotator "RC"]
[PlyCount "120"]
[EventDate "2024.02.01"]
[EventCountry "BAN"]
[SourceTitle "playchess.com"]
[Source "ChessBase"]
[SourceQuality "1"]
[TimeControl "40/5400+30:1800+30"]

1. e4 e5 2. Nf3 Nc6 3. Bb5 a6 4. Ba4 d6 5. c3 Bd7 6. O-O g6 7. d4 Bg7 8. h3 Nf6 9. Re1 O-O 10. d5 Ne7 11. Bb3 h6 12. c4 Nh7 13. Nc3 f5 14. c5 Kh8 15. cxd6 cxd6 16. Be3 Nf6 17. exf5 gxf5 18. Kh2 Qe8 19. Nh4 Ng6 20. Nxg6+ Qxg6 21. g3 f4 22. Bc2 Qg5 23. Bb6 Rac8 24. Qd3 Qh5 25. gxf4 e4 26. Qg3 Rg8 27. Bd1 Qf7 28. Qh4 Rc4 29. Be3 Kh7 30. Rg1 b5 31. a3 a5 32. Be2 Rcc8 33. Bg4 Rce8 34. Rg2 Bf8 35. Bxd7 Rxg2+ 36. Kxg2 Nxd7 37. Kh1 Nf6 38. Rg1 b4 39. axb4 axb4 40. Ne2 Nxd5 41. Qg4 Bg7 42. b3 Rg8 43. f5 Nxe3 44. fxe3 Bf6 45. Qxe4 Re8 46. Qxb4 Rxe3 47. Qg4 Bg5 48. Rg2 Qxb3 49. Ng1 Qd5 50. f6 Kg6 51. Qd7 Rg3 52. Qe8+ Kxf6 53. Qf8+ Kg6 54. Qe8+ Kg7 55. Qd7+ Kf8 56. Nf3 Rxf3 57. Qc8+ Kg7 58. h4 Rf2 59. Qd7+ Kf8 60. Qc8+ Kf7 0-1

[Event "Bangabandhu Premier Div League 2023-24"]
[Site "Dhaka"]
[Date "2024.02.07"]
[Round "7.11"]
[White "Murshed, Niaz"]
[Black "Sajidul, Haque"]
[Result "1-0"]
[ECO "D43"]
[WhiteElo "2363"]
[BlackElo "1922"]
[Annotator "RC"]
[PlyCount "175"]
[EventDate "2024.02.01"]
[EventCountry "BAN"]
[SourceTitle "playchess.com"]
[Source "ChessBase"]
[SourceQuality "1"]
[TimeControl "40/5400+30:1800+30"]

1. Nf3 Nf6 2. d4 d5 3. c4 e6 4. Nc3 dxc4 5. Qa4+ Nbd7 6. e4 c6 7. Qxc4 Nb6 8. Qb3 Be7 9. Bf4 a5 10. a3 h6 11. Rd1 O-O 12. Bd3 Re8 13. Bb1 Nbd7 14. h3 Nf8 15. O-O Ng6 16. Bh2 b5 17. Rfe1 a4 18. Qc2 Bb7 19. Ne5 Nxe5 20. Bxe5 Nd7 21. Bg3 b4 22. axb4 Bxb4 23. Re3 Qa5 24. e5 Nf8 25. Ne4 c5 26. dxc5 Bd5 27. Rc1 Rec8 28. Qe2 Bxc5 29. Rec3 Bxe4 30. Qxe4 Ra7 31. Kh2 Rac7 32. Rc4 Bb6 33. Rxc7 Rxc7 34. Rxc7 Bxc7 35. Bc2 a3 36. bxa3 Qxa3 37. h4 Bd8 38. h5 Be7 39. f4 Qc1 40. Bf2 Qd2 41. Be1 Qc1 42. Bf2 Qd2 43. Bg1 Ba3 44. Kh3 Qc3+ 45. Qd3 Qa1 46. Bb1 Qb2 47. Be3 Bb4 48. g3 Qa1 49. Bd4 Qa8 50. Kh2 Qd5 51. Qe3 Qb5 52. Bd3 Qd5 53. Be4 Qb5 54. Bc2 Qc4 55. Bb3 Qf1 56. g4 Qe1 57. Qxe1 Bxe1 58. f5 Bd2 59. Kg2 Bc1 60. Bc5 Bb2 61. Bd6 Bc3 62. Kf2 Bd4+ 63. Ke2 Bb2 64. Kd3 Bc1 65. Bc4 Bf4 66. Kd4 Bg3 67. Kc3 Bf2 68. Kb4 Bg3 69. Kb5 Bf4 70. Kc6 Bd2 71. Be7 Bc3 72. Bd6 Bd2 73. Bc5 Bc3 74. Kd6 exf5 75. gxf5 Bb2 76. Ke7 Bxe5 77. Bxf7+ Kh8 78. Kxf8 Bf6 79. Bc4 Kh7 80. Kf7 Kh8 81. Bd6 Kh7 82. Ke6 Kh8 83. Be5 Bxe5 84. Kxe5 Kh7 85. Ke6 Kg8 86. Ke7+ Kh7 87. Kf8 Kh8 88. Bg8 1-0

[Event "Bangabandhu Premier Div League 2023-24"]
[Site "Dhaka"]
[Date "2024.02.07"]
[Round "7.12"]
[White "Suvradeepta, Das"]
[Black "Narayanan, Srinath"]
[Result "1/2-1/2"]
[ECO "B12"]
[WhiteElo "2141"]
[BlackElo "2552"]
[Annotator "TA"]
[PlyCount "54"]
[EventDate "2024.02.01"]
[EventCountry "BAN"]
[SourceTitle "playchess.com"]
[Source "ChessBase"]
[SourceQuality "1"]
[TimeControl "40/5400+30:1800+30"]

1. e4 c6 2. d4 d5 3. e5 c5 4. c3 Nc6 5. Nf3 cxd4 6. cxd4 Bg4 7. Bb5 Qb6 8. Nc3 e6 9. Be3 a6 10. Bxc6+ bxc6 11. O-O Qxb2 {[%emt 0:01:34] [#]} (11... Ne7 $11) 12. Qa4 $1 $14 Qb7 (12... Qxc3 $2 13. Rfc1 f6 14. Rxc3 $18) (12... Rc8 13. Qxa6) 13. Rfc1 {[%emt 0:02:31] White is more active.} (13. Rab1 $16 Qc7 14. Rfc1 Bxf3 15. gxf3) 13... Bxf3 14. gxf3 Ne7 15. Rab1 Qd7 16. Rb6 Nf5 {[%emt 0:03:21] The position is equal.} 17. Rxc6 {[%emt 0:00:00][%cal Oc3d5] [#] Black must now prevent Nxd5!} Be7 $1 ({Not} 17... Ba3 $2 18. Nxd5 O-O (18... Bxc1 $2 {is the wrong capture.} 19. Nb6 $18) 19. Nb6 $18 (19. Qxa3 Qxd5 20. Kg2 h6 $17)) 18. Rc7 Qxa4 19. Nxa4 O-O 20. Nb6 Rad8 21. Ra7 Bb4 22. Rcc7 ({Don't play} 22. Rxa6 Nxe3 23. fxe3 Bd2 $17) 22... a5 23. Nd7 Rfe8 24. Nc5 Rf8 25. Nd7 Rfe8 26. Nc5 Rf8 27. Nd7 Rfe8 {[%emt 0:00:00] Weighted Error Value: White=0.09 (flawless) /Black=0.07 (flawless) .  Mistake:       	White=1     	Black=1      Inaccurate:     	White=2     	Black=1      OK:         	White=14    	Black=11     Best:        	---       	Black=1      Strong:       	---       	Black=1} 1/2-1/2

[Event "Bangabandhu Premier Div League 2023-24"]
[Site "Dhaka"]
[Date "2024.02.08"]
[Round "8.1"]
[White "Mohammad Minhaz Uddin"]
[Black "Abu Sufian, Shakil"]
[Result "1-0"]
[ECO "B50"]
[WhiteElo "2224"]
[BlackElo "2199"]
[Annotator "TA"]
[PlyCount "53"]
[EventDate "2024.02.01"]
[EventCountry "BAN"]
[SourceTitle "playchess.com"]
[Source "ChessBase"]
[SourceQuality "1"]
[TimeControl "40/5400+30:1800+30"]

1. e4 c5 2. Nf3 Nc6 3. c3 Nf6 4. Bd3 d6 5. h3 g6 6. O-O Bg7 7. Bc2 O-O 8. d4 cxd4 9. cxd4 d5 10. e5 Ne4 11. a3 f6 12. exf6 exf6 13. Re1 {[%emt 0:01:00] The position is equal.} f5 14. Nc3 Kh8 15. Ba4 Nxc3 (15... g5 $11 {keeps the balance.}) 16. bxc3 $16 f4 17. Bxc6 bxc6 18. a4 Ba6 (18... Bf5 $142) 19. Ba3 Re8 (19... Rf7 $142 20. Ne5 Rf5 21. Nxc6 Qd7) 20. Rxe8+ $18 Qxe8 {[%emt 0:00:00] [#]} 21. Qd2 Qf7 {[%emt 0:01:00] [#]} 22. Bd6 (22. Re1 $1 $18) 22... Bh6 {[%emt 0:00:30] Black is weak on the dark squares} (22... Re8 $16 {was worth a try.} 23. Qxf4 (23. Bxf4 Re2 $18) 23... Qxf4 24. Bxf4 Kg8) 23. Re1 {[%emt 0:00:30] Re7 is the strong threat.} Qf5 (23... Re8 {is a better defense.} 24. Ne5 Qf6) 24. Re7 Qb1+ $2 (24... Kg8 25. Qe1 Bf8) 25. Kh2 {[%emt 0:00:00] Active counter play! White is clearly winning.} g5 26. Be5+ Kg8 27. Re6 {Against Qg6. White took control after the opening.   Weighted Error Value: White=0.06 (flawless) /Black=0.71.  Mistake:       	White=1     	Black=6      Inaccurate:     	White=1     	---        OK:         	White=8     	Black=1      Best:        	White=2     	---} 1-0

[Event "Bangabandhu Premier Div League 2023-24"]
[Site "Dhaka"]
[Date "2024.02.08"]
[Round "8.1"]
[White "Mehdi Hasan Parag"]
[Black "Alam, Monjur"]
[Result "1-0"]
[ECO "C02"]
[WhiteElo "2171"]
[BlackElo "1875"]
[Annotator "TA"]
[PlyCount "111"]
[EventDate "2024.02.01"]
[EventCountry "BAN"]
[SourceTitle "playchess.com"]
[Source "ChessBase"]
[SourceQuality "1"]
[TimeControl "40/5400+30:1800+30"]

1. e4 e6 2. d4 d5 3. e5 c5 4. c3 Nc6 5. Nf3 Nge7 6. Na3 Nf5 7. Nc2 cxd4 8. cxd4 Qb6 9. Be2 Bd7 10. O-O Rc8 11. Kh1 h5 12. Bd2 Nb4 (12... Ncxd4 $2 13. Ncxd4 Nxd4 14. Be3 $18) 13. Ne3 {[%emt 0:03:20] White has an edge.} Nc6 14. Nxf5 exf5 15. Rb1 Be6 {[%emt 0:01:36] [#]} (15... Nd8 $14) 16. b4 $1 $16 a6 (16... Bd7 $16 {might work better.}) (16... Be7 17. Qa4) 17. a3 (17. b5 $18 {has better winning chances.} axb5 18. Rxb5 (18. Bxb5 Be7 $16)) 17... Be7 18. Be3 g6 19. Qd2 Kf8 20. Bh6+ Kg8 21. Rfd1 Rh7 22. Rbc1 Qd8 23. Bg5 Rg7 (23... Rh8 $16 24. h4 Kg7) 24. Rc5 f6 (24... Bxg5 $16 25. Qxg5 (25. Nxg5 Nxd4 26. Nxe6 Nxe6 $16) 25... Qxg5 26. Nxg5 Kh8) 25. exf6 $18 Bxf6 26. Rdc1 Rgc7 (26... Na7 $16 27. Re1 Rd7 28. Bxa6 Bxg5 29. Nxg5 Bf7) 27. Bf4 Rg7 28. Ng5 Qd7 29. Bf3 {[%emt 0:01:27] Black must now prevent Nxe6.} Rd8 30. h4 Re7 31. Be3 {[%emt 0:01:49] White is more active.} Kg7 32. a4 Bg8 33. g3 (33. Nh3 $142 {Hoping for b5.} Rde8 34. Nf4) 33... Rde8 (33... f4 $16 34. Bxf4 (34. gxf4 $2 {too greedy.} Bxg5 35. Bg2 Bxh4 $19) 34... Nxd4) 34. Nh3 Rd8 $2 (34... Qd8 35. Nf4 Rd7) 35. Kg2 Qe8 36. Nf4 Red7 37. b5 Nb8 (37... Ne7 $142 38. a5 axb5) 38. Nd3 b6 39. R5c2 a5 (39... axb5 $142 40. axb5 Bh7 41. Bh6+ Kh8) 40. Bh6+ {[%emt 0:00:00] White is clearly winning.} Kh7 41. Bg5 Qf8 42. Ne5 Re7 43. Qd1 Bxg5 44. hxg5 Qe8 45. Rc7 {[%emt 0:00:00][%cal Of3h5] Threatens to win with Bxh5! Black is weak on the dark squares} Be6 {[%emt 0:03:26] [#]} 46. Nxg6 $1 Rxc7 47. Rxc7+ Rd7 48. Rxd7+ Nxd7 49. Nf4 Bf7 50. Qc2 Nf8 51. Qxf5+ Kg8 52. Nxd5 {[%emt 0:00:00] Nf6+ would kill now.} Qd8 53. Nf6+ Kg7 54. d5 h4 55. Nh5+ Kg8 56. Qf6 {[%emt 0:00:00] Weighted Error Value: White=0.20 (precise) /Black=0.38.  Mistake:       	White=3     	Black=9      Inaccurate:     	White=2     	Black=5      OK:         	White=15    	Black=9      Best:        	---       	Black=2} 1-0